 Dungeon Crawl Stone Soup version 0.27.0-1-g7a08968 (webtiles) character file.

Game seed: 15862681460592602704

901 NeededCrab the Changer (level 7, 0/47 HPs)
             Began as a Vampire Transmuter on Sept 19, 2021.
             Was a Follower of Sif Muna.
             Slain by a phantom (9 damage)
             ... on level 5 of the Dungeon.
             The game lasted 00:23:26 (5171 turns).

NeededCrab the Changer (Vampire Transmuter)         Turns: 5171, Time: 00:23:26

Health: 0/47       AC:  2    Str:  9    XL:     7   Next: 80%
Magic:  10/12      EV: 20    Int: 17    God:    Sif Muna [*.....]
Gold:   189        SH:  0    Dex: 20    Spells: 5/13 levels left

rFire    . . .     SeeInvis +     - Unarmed
rCold    . . .     Faith    +   (shield currently unavailable)
rNeg     . . .     Spirit   .   (armour currently unavailable)
rPois    x         Reflect  .   (helmet currently unavailable)
rElec    .         Harm     .   (cloak currently unavailable)
rCorr    .         Rampage  .   (gloves currently unavailable)
Will     .....                  (boots currently unavailable)
Stlth    ++........             q - amulet of faith
HPRegen  0.35/turn              l - ring of wizardry
MPRegen  0.13/turn              (no ring)

@: spider-form, healing quickly
A: venomous fangs, alive, tiny, (fangs 3), see invisible, vampiric 2
a: Exsanguinate, End Transformation, Renounce Religion, Channel Magic


You were on level 5 of the Dungeon.
You worshipped Sif Muna.
Sif Muna was aware of your devotion.
You were a venomous arachnid creature.
You visited 2 branches of the dungeon, and saw 7 of its levels.

You collected 189 gold pieces.

Inventory:

Missiles
 r - a throwing net
Armour
 a - a +0 robe (melded)
 t - a +0 buckler
Jewellery
 l - a ring of wizardry (left front leg)
 q - an amulet of faith (around neck)
Scrolls
 c - a scroll of identify
 g - a scroll of torment
 i - a scroll of enchant weapon
 j - 4 scrolls of amnesia
 k - a scroll of teleportation {unknown}
 m - a scroll of enchant armour {unknown}
 s - a scroll of vulnerability {unknown}
 u - 2 scrolls of blinking {unknown}
 w - a scroll of fog {unknown}
 x - a scroll of holy word {unknown}
Potions
 b - a potion of attraction
 d - a potion of might
 e - 2 potions of curing
 f - 2 potions of heal wounds
 h - 2 potions of magic
 n - a potion of mutation {unknown}
 o - a potion of berserk rage {unknown}
 p - a potion of cancellation {unknown}
 v - a potion of ambrosia {unknown}


   Skills:
 - Level 0.8 Fighting
 - Level 2.6 Dodging
 + Level 5.2 Unarmed Combat
 + Level 3.7 Spellcasting
 * Level 6.0 Transmutations
 * Level 4.1 Ice Magic
 - Level 1.4 Poison Magic


You had 5 spell levels left.
You knew the following spells:

 Your Spells              Type           Power      Damage    Failure   Level
a - Beastly Appendage     Tmut           46%        N/A       2%          1
b - Spider Form           Tmut/Pois      7%         N/A       11%         3
c - Ice Form              Ice/Tmut       20%        N/A       17%         4

Your spell library contained the following spells:

 Spells                   Type           Power      Damage    Failure   Level
 Wereblood                Tmut           23%        N/A       3%          2
 Static Discharge         Conj/Air       3%         N/A       21%         2
 Lightning Bolt           Conj/Air       1%         1d12      92%         5
 Maxwell's Capacitive Co  Air            1%         ∞         100%        8


Dungeon Overview and Level Annotations

Branches:
Dungeon (6/15)             Temple (1/1) D:4

Altars:
Ashenzari
Cheibriados
Dithmenos
Elyvilon
Fedhas
Gozag
Nemelex Xobeh
Okawaru
Qazlal
Sif Muna
Trog
Uskayaw
Vehumet
Wu Jian
Yredelemnul
The Shining One

Annotations:
D:3 2 runed translucent doors, Radamante's ghost, amateur MfFi
D:5 Sigmund


Innate Abilities, Weirdness & Mutations

You are a venomous arachnid creature.
You have poisonous fangs.
You are tiny and dextrous.
Your spellcasting is less reliable in this form.
Your armour is entirely melded.
You are incapable of wielding weapons or throwing items.
Your natural rate of healing is accelerated.
((You have razor-sharp teeth.))
You have supernaturally acute eyesight. (SInv)
You are afflicted with vampirism and can become a bat while bloodless.


Message History

Confirm with . or Enter, or press ? or * to list all spells.
You turn into a venomous arachnid creature.
Your +0 robe melds into your body.
The iguana bites you.
You are too injured to fight recklessly!
You are too injured to fight recklessly!
You barely miss the iguana.
The iguana is lightly wounded.
The iguana barely misses you.
You bite the iguana!
The iguana is poisoned.
The iguana is heavily wounded.
The iguana barely misses you.
You barely miss the iguana.
The iguana is heavily wounded.
The iguana bites you!
You hit the iguana but do no damage.
The iguana looks as sick as possible!
The iguana is heavily wounded.
The iguana bites you!
* * * LOW HITPOINT WARNING * * *
You hit the iguana.
You kill the iguana!
Sif Muna accepts your kill.
You can now call upon Sif Muna for magical energy.
Your Transmutations skill increases to level 6!
Okay, then.
Unknown command.
You hit the phantom.
The phantom is lightly damaged.
The phantom closely misses you.
You closely miss the phantom.
The phantom is lightly damaged.
The phantom completely misses you.
You closely miss the phantom.
The phantom is lightly damaged.
The phantom misses you.
You bite the phantom!
The phantom is moderately damaged.
You closely miss the phantom.
The phantom is moderately damaged.
The phantom hits you!
You die...

#.##...#.##...#..#.#
#.##.[.#..##.#####.#
#.#....#...#'#...'.#
#.#...'#......(.##.#
##.#.###........###.#
#..####.........#.#.#
#..'...........#'.#.# #.
#..####.........#(#.# #. #..#
##s.......###.####.
#..#...W#........##.##...
#..#....#...#'#...'.#....
##..##...#..##.#####......
#.#.##...#.##...#..#......
##.#.####.#.#......##......
##..#.######+#########......
###...........................
##................######...##..


You could see a phantom.

Vanquished Creatures
  A water moccasin (D:5)
  3 ogres
  A phantom (D:5)
  A bullfrog (D:5)
  A scorpion (D:5)
  A bullfrog zombie (D:5)
  2 jellies
  An orc priest (D:3)
  4 iguanas
  A hound skeleton (D:5)
  An adder (D:2)
  A white imp (D:6)
  2 worms (D:2)
  A dart slug (D:1)
  8 orcs
  11 endoplasms
  4 giant cockroaches
  4 goblins
  5 hobgoblins
  5 jackals (D:2)
  4 kobolds
  4 quokkas
  8 ball pythons
  6 bats
  5 frilled lizards
  8 rats
93 creatures vanquished.

Notes
Turn   | Place    | Note
-------+----------+-------------------------------------------
     0 | D:1      | NeededCrab the Vampire Transmuter began the quest for the
                  | Orb.
     0 | D:1      | Reached XP level 1. HP: 14/14 MP: 3/3
   245 | D:1      | Reached XP level 2. HP: 15/20 MP: 3/5
   375 | D:1      | You fall into a shaft and drop 1 floor!
   678 | D:1      | Gained mutation: You are afflicted with vampirism and can
                  | become a bat while bloodless. [Vampire growth]
   678 | D:1      | Reached XP level 3. HP: 25/25 MP: 4/6
   697 | D:1      | Learned a level 3 spell: Spider Form
   865 | D:1      | Reached skill level 3 in Transmutations
  1383 | D:2      | Found a faded altar of an unknown god.
  1501 | D:2      | Reached XP level 4. HP: 9/31 MP: 7/7
  1651 | D:2      | Reached skill level 1 in Poison Magic
  1891 | D:3      | Found a shimmering blue altar of Sif Muna.
  1892 | D:3      | Found a bloodstained altar of Trog.
  1893 | D:3      | Found a sparkling altar of Nemelex Xobeh.
  1902 | D:3      | Became a worshipper of Sif Muna the Loreminder
  1919 | D:3      | Found an iron altar of Okawaru.
  1922 | D:3      | Found a broken altar of Ashenzari.
  2051 | D:3      | Found a runed translucent door.
  2052 | D:3      | Noticed Radamante's ghost (amateur MfFi)
  2284 | D:3      | Found a shadowy altar of Dithmenos.
  2352 | D:3      | Learned a level 4 spell: Ice Form
  2670 | D:3      | Found a runed translucent door.
  2901 | D:4      | Found a radiant altar of Vehumet.
  2956 | D:4      | Noticed an ogre
  3025 | D:4      | Found a staircase to the Ecumenical Temple.
  3034 | Temple   | Entered the Ecumenical Temple
  3423 | D:4      | Reached XP level 5. HP: 4/36 MP: 7/9
  3796 | D:4      | Reached skill level 1 in Ice Magic
  4208 | D:4      | Killed an ogre
  4209 | D:4      | Reached skill level 4 in Transmutations
  4247 | D:5      | Entered Level 5 of the Dungeon
  4270 | D:5      | Noticed an ogre
  4283 | D:5      | Killed an ogre
  4284 | D:5      | Reached XP level 6. HP: 22/42 MP: 6/10
  4352 | D:5      | Noticed a water moccasin
  4380 | D:5      | Killed a water moccasin
  4381 | D:5      | Reached skill level 5 in Transmutations
  4383 | D:5      | Reached XP level 7. HP: 26/47 MP: 5/11
  4775 | D:5      | Noticed Sigmund
  4992 | D:5      | Reached skill level 5 in Unarmed Combat
  5166 | D:5      | Reached * piety under Sif Muna
  5167 | D:5      | Reached skill level 6 in Transmutations
  5171 | D:5      | Slain by a phantom

Illustrated notes

Levels and vault maps discovered:
D:1:      dpeg_arrival_rooms_b, layout_basic
D:2:      layout_loops_ring, ebering_ecumenical_altar_hall,
          minmay_misc_feat_chi, minmay_heptomino_h4
D:3:      layout_loops_ring, nicolae_dithmenos_shadow_blocks, minitemple,
          chequers_temple_overflow_statue_of_worship, ebering_ghost_sewer_f,
          minmay_door_square, minmay_misc_feat_more_columns
D:4:      layout_loops_ring, nicolae_vehumet_radiance,
          minmay_temple_entry_drinking_statues, minmay_stone_trees_small,
          hangedman_decor_opposing
D:5:      layout_cave_pods, lemuel_crystal_altar, general_overflow_altar,
          st_stairs_2, minmay_pentangle, uniq_sigmund, uniq_edmund
D:6:      minmay_goblin_kobold_castle, layout_basic,
          lemuel_mausoleum_altar_kikubaaqudgha, grunt_potential
Temple:   compressed_dpeg_triangle_lava_temple

Skill      XL: |  1  2  3  4  5  6  7 |
---------------+----------------------+-----
Transmutations | 3 4 5 6 |  6.0
Poison Magic   | 1 |  1.4
Unarmed Combat | 4 5 |  5.2
Ice Magic      | 2 3 4 |  4.1
Spellcasting   | 3 |  3.7
Fighting       | |  0.8
Dodging        | |  2.6

Action                   |  1- 3 |  4- 6 |  7- 9 || total
-------------------------+-------+-------+-------++-------
Melee: Unarmed           |   128 |   121 |    67 ||   316
       Kick              |    30 |    13 |     2 ||    45
       Headbutt          |    16 |    11 |     3 ||    30
       Punch             |     2 |       |     1 ||     3
       Bite              |     4 |     3 |     2 ||     9
 Cast: Beastly Appendage |    38 |    15 |     2 ||    55
       Spider Form       |       |     9 |     5 ||    14
       Ice Form          |       |     1 |     1 ||     2
  Use: Potion            |       |     1 |       ||     1
       Scroll            |       |       |     7 ||     7
 Stab: Sleeping          |     1 |       |       ||     1
Armor: Robe              |    19 |    19 |     4 ||    42
       Skin              |       |     1 |     1 ||     2
Dodge: Dodged            |    75 |    62 |    34 ||   171
